 Dungeon Crawl Stone Soup version 0.31-a0-246-g8cbcc1cb85 (webtiles) character file.

Game seed: 13759039157397492913

47 qw the Shooter (level 3, 0/29 HPs)
             Began as a Minotaur Hexslinger on July 12, 2023.
             Slain by Natasha (8 damage)
             ... on level 2 of the Dungeon.
             The game lasted 00:00:22 (936 turns).

qw the Shooter (Minotaur Hexslinger)                 Turns: 936, Time: 00:00:22

Health: 0/29       AC:  4    Str: 12    XL:     3   Next: 48%
Magic:  3/3        EV: 12    Int: 10    God:
Gold:   29         SH:  0    Dex: 14    Spells: 3/4 levels left

rFire   . . .        b - +0 longbow
rCold   . . .        (shield currently unavailable)
rNeg    . . .        c - +0 robe
rPois   .            (helmet restricted)
rElec   .            (no cloak)
rCorr   .            (no gloves)
SInv    .            g - +1 pair of boots
Will    .....        (no amulet)
Stlth   +            (no ring)
HPRegen 0.24/turn    (no ring)
MPRegen 0.08/turn

%: no passive effects
@: slowed, very slow
A: horns 2, retaliatory headbutt
a: no special abilities


You were on level 2 of the Dungeon.
You visited 1 branch of the dungeon, and saw 2 of its levels.

You collected 29 gold pieces.


Innate Abilities, Weirdness & Mutations

You have a pair of horns on your head.
You reflexively headbutt those who attack you in melee.


   Skills:
 - Level 2.0 Fighting
 + Level 4.1 Ranged Weapons
 - Level 2.1 Dodging
 - Level 1.0 Spellcasting
 - Level 2.0 Hexes


You had 3 spell levels left.
You knew the following spells:

 Your Spells              Type           Power      Damage    Failure   Level
a - Slow                  Hex            16%        N/A       16%         1

Your spell library contained the following spells:

 Spells                   Type           Power      Damage    Failure   Level
 Inner Flame              Hex/Fire       2%         N/A       56%         3
 Portal Projectile        Hex/Tloc       4%         N/A       56%         3
 Cause Fear               Hex            2%         N/A       83%         4

Inventory:

Hand Weapons
 b - a +0 longbow (weapon)
Armour
 a - a +0 leather armour
 c - a +0 robe (worn)
 g - a +1 pair of boots (worn)
Potions
 d - a potion of lignification {unknown}
 i - 2 potions of curing {unknown}

Dungeon Overview and Level Annotations

Branches:
Dungeon (2/15)

Altars:

Shops:
D:1 [

Annotations:
D:2 Natasha


Message History

Natasha and a bat come into view.
Natasha hisses angrily.
Natasha stares at you and mumbles some strange words.
You feel yourself slow down.
Found 6 stones.
Enter note: You shoot an arrow.
The arrow closely misses the bat.
The bat hits you but does no damage.
Natasha mumbles some strange words.
Natasha shimmers violently.
The bat barely misses you. You furiously retaliate!
You headbutt the bat. You shoot an arrow. The arrow hits the bat!
You kill the bat!
Natasha claws you.
You shoot an arrow. The arrow barely misses Natasha.
Natasha howls an incantation.
You feel disoriented. Natasha barely misses you.
Natasha mumbles some strange words.
Natasha shimmers violently.
Natasha barely misses you. You furiously retaliate!
You headbutt Natasha. Natasha barely misses you.
You shoot an arrow. The arrow barely misses Natasha.
Natasha claws you! Natasha claws you.
You shoot an arrow. The arrow completely misses Natasha.
Natasha claws you. Natasha misses you.
You shoot an arrow. The arrow hits Natasha.
Natasha is heavily wounded.
Natasha wildly gestures.
Natasha glows brightly for a moment.
Natasha casts a spell.
Natasha claws you.
You shoot an arrow. The arrow closely misses Natasha.
Natasha casts a spell at you. You resist with significant effort.
Natasha claws you.
The cerulean imp hits you from afar with a +2 spear.
Natasha barely misses you. You furiously retaliate!
You headbutt Natasha! You shoot an arrow. The arrow barely misses Natasha.
The cerulean imp misses you. Natasha claws you!
You die...

#.
#.......#
#.
#.......#
####.
#.......#
#....
.......
#.###
....( #.#
..5 #.#
#h# #.#
#@# #.#
#.# #>#
#.# #.###
#.# #....
#.#.#
#######
#.#.###
#......
#.#...#
#.....#
####.###.#
#####.# .
..#.# #.#
..##.#


You could see Natasha and a cerulean imp (summoned).

Vanquished Creatures
  An adder (D:2)
  A dart slug (D:1)
  5 bats
  7 endoplasms (D:1)
  4 goblins (D:1)
  3 hobgoblins (D:1)
  2 quokkas (D:1)
  5 ball pythons
  A frilled lizard (D:1)
  2 kobolds
  2 rats
33 creatures vanquished.

Notes
Turn   | Place    | Note
-------+----------+-------------------------------------------
     0 | D:1      | qw the Minotaur Hexslinger began the quest for the Orb.
     0 | D:1      | Reached XP level 1. HP: 16/16 MP: 1/1
     0 | D:1      | 0 ||| qw: Version: 0.3-a-52-g30416fa
     0 | D:1      | 0 ||| qw: Game counter: 6275
     0 | D:1      | 0 ||| qw: Melee chars always use a shield: true
     0 | D:1      | 0 ||| qw: God list: Okawaru
     0 | D:1      | 0 ||| qw: Allow faded altars: false
     0 | D:1      | 0 ||| qw: Do Orc after clearing Dungeon:15 true
     0 | D:1      | 0 ||| qw: Do second Lair branch before Depths: true
     0 | D:1      | 0 ||| qw: Lair rune preference: random
     0 | D:1      | 0 ||| qw: Goals: Normal
     0 | D:1      | 0 ||| PLANNING D:1-11
    51 | D:1      | Reached skill level 3 in Ranged Weapons
    53 | D:1      | Reached XP level 2. HP: 23/23 MP: 2/2
    58 | D:1      | 58 ||| FLEEEEING.
   201 | D:1      | Found Jiaz's Antique Armour Shop.
   209 | D:1      | 209 ||| SHOPLISTING dazzling ring mail (270 gold, have 0).
   209 | D:1      | 209 ||| SHOPLISTING leather armour (60 gold, have 0).
   209 | D:1      | 209 ||| SHOPLISTING pair of boots (135 gold, have 0).
   209 | D:1      | 209 ||| SHOPLISTING ring mail (120 gold, have 0).
   209 | D:1      | 209 ||| SHOPLISTING ripped robe (171 gold, have 0).
   209 | D:1      | 209 ||| SHOPLISTING runed ring mail (210 gold, have 0).
   345 | D:1      | Reached XP level 3. HP: 29/29 MP: 3/3
   693 | D:1      | 693 ||| UPGRADING to +0 pair of boots.
   698 | D:1      | 698 ||| UPGRADING to +1 pair of boots.
   708 | D:1      | 708 ||| DROPPING +0 pair of boots.
   709 | D:1      | 709 ||| READING scroll labelled DYRGHE XYUFOTE.
   710 | D:1      | 710 ||| DRINKING 2 yellow potions.
   711 | D:1      | 711 ||| DROPPING scroll of poison.
   712 | D:1      | 712 ||| DROPPING potion of attraction.
   787 | D:2      | Reached skill level 4 in Ranged Weapons
   900 | D:2      | 900 ||| SWAPPING to +0 longbow.
   902 | D:2      | 902 ||| DROPPING +2 sling.
   928 | D:2      | Noticed Natasha
   936 | D:2      | Slain by Natasha

Levels and vault maps discovered:
D:1:      minmay_arrival_solitary_statue, layout_loops_ring, serial_shops, shop
D:2:      layout_basic, minmay_indecisive_spiral, uniq_jessica, uniq_robin,
          uniq_natasha

Skill      XL: |  1  2  3 |
---------------+----------+-----
Ranged Weapons | 3 4 |  4.1
Fighting       | 2 |  2.0
Dodging        | |  2.1
Spellcasting   | |  1.0
Hexes          | |  2.0

Action                     || total
---------------------------++-------
   Fire: Sling             ||    79
         Longbow           ||     9
    Use: Scroll            ||     1
         Potion            ||     1
 Armour: Robe              ||     5
  Dodge: Dodged            ||    20

Table legend:
 A = Non-vault XP
 B = Vault XP
 C = Vault XP percentage of total XP
 D = Non-vault monster count
 E = Vault monster count
 F = Vault count percentage of total count
                 A         B        C        D         E       F
            +---------+---------+-------+---------+---------+-------
      Total |      68 |       0 |   0.0 |      33 |       0 |   0.0
            +---------+---------+-------+---------+---------+-------
        D:1 |      50 |       0 |   0.0 |      28 |       0 |   0.0
        D:2 |      18 |       0 |   0.0 |       5 |       0 |   0.0
            +---------+---------+-------+---------+---------+-------
